 Dungeon Crawl Stone Soup version 0.24.0-123-gd5b16e6ec5 (webtiles) character file.

Game seed: 4875179387873792919, levelgen mode: deterministic

4284 H0rd4k the Slasher (level 10, 0/73 HPs)
             Began as a Human Artificer on Feb 10, 2020.
             Slain by an unseen horror (7 damage)
             ... on level 12 of the Dungeon.
             The game lasted 00:29:37 (11238 turns).

H0rd4k the Slasher (Human Artificer)               Turns: 11238, Time: 00:29:37

Health: 0/73       AC:  9    Str: 20    XL:     10   Next: 57%
Magic:  0/24       EV: 15    Int: 15    God:
Gold:   242        SH:  0    Dex: 14    Spells: 10/15 levels left

rFire    . . .     SeeInvis .   O - +10 dagger "Goblinbane" {speed, *Drain rElec MP+9 Int+3}
rCold    . . .     Gourm    .   (no shield)
rNeg     . . .     Faith    .   D - +3 leather armour
rPois    .         Spirit   +   K - +0 hat
rElec    +         Reflect  .   (no cloak)
rCorr    .         Harm     .   g - +1 pair of gloves {archery}
MR       +....                  (no boots)
Stlth    ++........             l - amulet of guardian spirit
HPRegen  0.22/turn              h - ring of protection from magic
MPRegen  0.19/turn              y - +1 ring of protection

@: mighty, very slightly contaminated
A: no striking features
a: no special abilities


You were on level 12 of the Dungeon.
You were hungry.

You visited 1 branch of the dungeon, and saw 12 of its levels.

You collected 473 gold pieces.
You spent 231 gold pieces at shops.

Inventory:

Hand Weapons
 b - a cursed +4 long sword
 x - a +3 hunting sling of freezing
 O - the +10 dagger "Goblinbane" (weapon) {speed, *Drain rElec MP+9 Int+3}
   (You bought it in a shop on level 10 of the Dungeon)

   Attacks with this weapon are significantly faster.
   It affects your intelligence (+3).
   It insulates you from electricity.
   It affects your magic capacity (+9).
   It causes draining when unequipped.
Missiles
 c - 40 poisoned darts (quivered)
 j - 27 boomerangs
 w - 7 curare-tipped darts
 z - 104 sling bullets
Armour
 g - a +1 pair of gloves of archery (worn)
 D - a +3 leather armour (worn)
 K - a +0 hat (worn)
 M - a +0 robe
Jewellery
 h - a ring of protection from magic (left hand)
 i - a +1 ring of evasion
 l - an amulet of guardian spirit (around neck)
 m - an uncursed ring of protection from fire
 y - a +1 ring of protection (right hand)
Wands
 a - a wand of digging (5)
 d - a wand of enslavement (2)
 e - a wand of random effects (37)
 u - a wand of iceblast (9)
 J - a wand of paralysis (3)
Scrolls
 n - 7 scrolls of remove curse
 o - 2 scrolls of amnesia
 s - 2 scrolls of identify
 v - a scroll of blinking
 A - 3 scrolls of enchant armour
 I - 2 scrolls of summoning
 L - a scroll of noise {unknown}
 Q - a scroll of random uselessness {unknown}
Potions
 p - a potion of might
 q - 4 potions of haste
 r - 3 potions of degeneration {unknown}
 t - a potion of ambrosia {unknown}
 E - 2 potions of lignification {unknown}
 H - 2 potions of flight {unknown}
 N - a potion of mutation {unknown}
 R - a potion of agility {unknown}
 S - a potion of brilliance
Comestibles
 f - 19 rations


   Skills:
 + Level 4.5 Fighting
 + Level 4.9(6.7) Short Blades
 + Level 7.1(7.8) Long Blades
 + Level 4.9 Throwing
 - Level 2.6 Armour
 + Level 5.4 Dodging
 + Level 2.4 Stealth
 * Level 3.4 Spellcasting
 * Level 3.9 Conjurations
 * Level 2.9 Fire Magic
 + Level 4.2 Evocations


You had 10 spell levels left.
You knew the following spells:

 Your Spells              Type           Power        Failure   Level  Hunger
a - Blink                 Tloc           N/A          32%         2    ##.....
b - Conjure Flame         Conj/Fire      ##......     16%         3    ###....

Your spell library contained the following spells:

 Spells                   Type           Power        Failure   Level  Hunger
 Magic Dart               Conj           ##..         4%          1    None
 Animate Skeleton         Necr           N/A          22%         1    None
 Apportation              Tloc           #.....       22%         1    None
 Confusing Touch          Hex            #.....       22%         1    None
 Corona                   Hex            #......      22%         1    None
 Summon Small Mammal      Summ           #...         22%         1    None
 Dazzling Spray           Conj/Hex       #.....       28%         3    ###....
 Call Imp                 Summ           #.......     32%         2    ##.....
 Ensorcelled Hibernation  Hex/Ice        #.....       32%         2    ##.....
 Slow                     Hex            #.......     32%         2    ##.....
 Mephitic Cloud           Conj/Pois/Air  #.......     36%         3    ###....
 Confuse                  Hex            #.......     54%         3    ###....
 Tukima's Dance           Hex            #.......     54%         3    ###....


Dungeon Overview and Level Annotations

Branches:
Dungeon (12/15)            Temple (0/1) D:4            Lair (0/6) D:10
    Orc: D:9-12

Altars:
Ashenzari
Nemelex Xobeh
Qazlal
Ru
Xom
Zin

Shops:
D:8 *   D:10 (

Annotations:
D:2 exclusion: downstairs
D:3 1 runed translucent door, matti1234's ghost, amateur OpWr
D:4 1 runed translucent door, exclusion: 2 downstairs, Crazy Yiuf
D:6 exclusion: 3 electric eels


Message History

You miss something. Something hits you.
* * * LOW HITPOINT WARNING * * *
You closely miss something. Something hits you.
* * * LOW HITPOINT WARNING * * *
Okay, then.
Unknown command.
Blink to where?
Press: ? - help, Dir - move target cursor You are very lightly contaminated with residual magic.
As you read the scroll of blinking, it crumbles to dust.
Found 14 sling bullets and 10 gold pieces.
Something hits you but does no damage.
The orc knight shouts!
You hear a shout!
There is a stone staircase leading down here.
Something barely misses you. Something hits you but does no damage.
You climb downwards.
Reactivating autopickup.
There is a stone staircase leading up here.
Something hits you!
You die...

#..############
#.....@<.......
#..............
#.#############


There were no monsters in sight!

Vanquished Creatures
  Pikel (D:8)
  A troll (D:11)
  Grinder (D:6)
  A shadow (D:11)
  A hungry ghost (D:11)
  2 yaks (D:10)
  Edmund (D:4)
  A sky beast (D:8)
  An ice beast (D:9)
  An orc warrior (D:5)
  A phantom (D:5)
  An ogre (D:11)
  2 centaurs
  2 crocodiles
  A bullfrog (D:8)
  A big kobold (D:9)
  A wyvern skeleton (D:6)
  3 scorpions
  5 wights (D:11)
  3 crimson imps
  2 quasits
  3 orc priests
  A hound (D:6)
  2 jellies
  A gnoll shaman (D:4)
  4 orc wizards
  5 iguanas
  7 worker ants
  Natasha (thrice) (D:3)
  A hound zombie (D:7)
  Robin (D:3)
  12 adders
  3 gnolls
  A howler monkey skeleton (D:4)
  An adder zombie (D:5)
  A worm (D:3)
  3 dart slugs (D:2)
  7 leopard geckos
  30 orcs
  6 giant cockroaches
  22 goblins
  11 hobgoblins
  7 jackals
  3 quokkas
  6 bats
  4 frilled lizards
  18 kobolds
  A leopard gecko skeleton (D:4)
  A quokka skeleton (D:5)
  13 rats
211 creatures vanquished.

Vanquished Creatures (collateral kills)
  4 yaks (D:10)
  An orc priest (D:5)
  A kobold (D:2)
6 creatures vanquished.

Vanquished Creatures (others)
  A worker ant (D:4)
  An orc (D:11)
2 creatures vanquished.

Grand Total: 219 creatures vanquished

Notes
Turn   | Place    | Note
-------+----------+-------------------------------------------
     0 | D:1      | H0rd4k the Human Artificer began the quest for the Orb.
     0 | D:1      | Reached XP level 1. HP: 15/15 MP: 3/3
   210 | D:1      | Reached XP level 2. HP: 14/21 MP: 4/4
   752 | D:2      | Reached XP level 3. HP: 24/26 MP: 5/5
   834 | D:2      | Reached skill level 1 in Armour
  1259 | D:2      | Reached XP level 4. HP: 15/32 MP: 2/6
  2093 | D:3      | Noticed Robin
  2135 | D:2      | Reached XP level 5. HP: 33/37 MP: 7/7
  2194 | D:3      | Noticed Natasha
  2202 | D:3      | Killed Natasha
  2251 | D:3      | Noticed Natasha
  2253 | D:3      | Killed Natasha
  2266 | D:3      | Noticed Natasha
  2271 | D:3      | Killed Natasha
  2325 | D:3      | Killed Robin
  2341 | D:3      | Reached XP level 6. HP: 38/44 MP: 8/8
  2398 | D:3      | Found a runed translucent door.
  2399 | D:3      | Noticed matti1234's ghost (amateur OpWr)
  2671 | D:3      | Found a sparkling altar of Nemelex Xobeh.
  3072 | D:3      | Reached skill level 1 in Throwing
  3623 | D:4      | Reached XP level 7. HP: 29/51 MP: 5/10
  3658 | D:4      | HP: 2/51 [poisoned by a scorpion]
  3666 | D:4      | HP: 2/51 [poisoned by a scorpion]
  4315 | D:4      | Noticed Edmund
  4328 | D:4      | Found a staircase to the Ecumenical Temple.
  4388 | D:4      | Killed Edmund
  4388 | D:4      | Reached skill level 1 in Long Blades
  4854 | D:4      | Found a runed translucent door.
  4855 | D:4      | Noticed Crazy Yiuf
  5932 | D:5      | Entered Level 5 of the Dungeon
  6204 | D:4      | Reached skill level 2 in Long Blades
  6424 | D:5      | Reached XP level 8. HP: 58/58 MP: 11/11
  6814 | D:5      | Reached skill level 3 in Long Blades
  7381 | D:5      | Reached skill level 4 in Long Blades
  8145 | D:6      | Noticed Grinder
  8151 | D:6      | Paralysed by Grinder for 5 turns
  8172 | D:6      | Killed Grinder
  8172 | D:6      | Reached XP level 9. HP: 59/65 MP: 12/12
  8176 | D:6      | Learned a level 2 spell: Blink
  8180 | D:6      | Learned a level 3 spell: Conjure Flame
  8270 | D:6      | Found a shattered altar of Ashenzari.
  8808 | D:7      | Reached skill level 1 in Conjurations
  9018 | D:8      | Reached skill level 5 in Long Blades
  9161 | D:8      | Found a stormy altar of Qazlal.
  9270 | D:8      | Reached skill level 1 in Spellcasting
  9270 | D:8      | Reached skill level 1 in Fire Magic
  9636 | D:8      | Found a shimmering altar of Xom.
  9640 | D:8      | Found a sacrificial altar of Ru.
  9719 | D:8      | Noticed Pikel
  9730 | D:8      | Killed Pikel
  9780 | D:8      | Found Zin's Purification Station.
  9782 | D:8      | Found a glowing silver altar of Zin.
 10134 | D:9      | Reached skill level 6 in Long Blades
 10368 | D:9      | Reached XP level 10. HP: 53/71 MP: 11/13
 10594 | D:10     | Entered Level 10 of the Dungeon
 10594 | D:10     | Found Soyshruh's Antique Weapon Shop.
 10623 | D:10     | Bought an iridescent dagger for 231 gold pieces
 10623 | D:10     | Identified the +10 dagger "Goblinbane" {speed, *Drain rElec
                  | MP+9 Int+3} (You bought it in a shop on level 10 of the
                  | Dungeon)
 10805 | D:10     | Found a staircase to the Lair.
 10833 | D:10     | Noticed a two-headed ogre
 10861 | D:10     | Reached skill level 7 in Long Blades
 10861 | D:10     | Reached skill level 5 in Dodging
 11178 | D:11     | Noticed a gargoyle
 11191 | D:11     | Noticed an orc knight
 11238 | D:12     | Slain by an unseen horror

Levels and vault maps discovered:
D:1:      mushboom_english_gardens, layout_loops_ring
D:2:      layout_basic, serial_glass, glass_columns_c, glass_columns_a,
          lemuel_another_geyser
D:3:      minmay_bubble_buster, layout_basic, nemelex_altar_shiori,
          gammafunk_ghost_grave, uniq_natasha, uniq_robin
D:4:      layout_basic, minmay_temple_entry_trees, kennysheep_boxes,
          uniq_crazy_yiuf_cottage, uniq_edmund
D:5:      layout_loops_ring, first_ration
D:6:      layout_rooms, kennysheep_little_box, serial_bayou,
          serial_bayou_pond_d, serial_bayou_shore_b, serial_bayou_ford_a,
          serial_bayou_pond_a, serial_bayou_crossing, serial_bayou_shore_b,
          uniq_grinder
D:7:      layout_cave_pools, serial_shops, nicolae_shop_crystal, the_bakery
D:8:      layout_basic, grunt_qazlal_sundering, zin_purify,
          grunt_temple_overflow_open, uniq_pikel
D:9:      layout_cave_pods, minmay_mirror_moons_of_madness
D:10:     layout_roguey, lair_entry_dummy, orc_0_dummy, serial_shops,
          nicolae_shop_overgrown_old_shop, uniq_urug
D:11:     layout_loops_cross, enter_bailey_3, special_room [special_room_orc],
          nicolae_gozag_seed_capital
D:12:     layout_small_grid, laboratory, uniq_nessos, uniq_snorg

Skill      XL: |  1  2  3  4  5  6  7  8  9 10 |
---------------+-------------------------------+-----
Armour         | 1 2 |  2.6
Short Blades   | 2 3 4 |  4.9
Fighting       | 2 3 4 |  4.5
Throwing       | 1 3 4 |  4.9
Dodging        | 3 4 5 |  5.4
Evocations     | 4 |  4.2
Long Blades    | 2 4 6 7 |  7.1
Stealth        | 2 |  2.4
Conjurations   | 2 3 |  3.9
Spellcasting   | 1 3 |  3.4
Fire Magic     | 1 2 |  2.9

Action                   |  1- 3 |  4- 6 |  7- 9 | 10-12 || total
-------------------------+-------+-------+-------+-------++-------
Melee: Short sword       |   133 |   194 |       |       ||   327
       Falchion          |       |     3 |   540 |    15 ||   558
       Dagger            |       |       |       |   107 ||   107
Throw: Javelin           |     2 |    12 |    12 |       ||    26
       Boomerang         |     1 |     2 |       |       ||     3
       Dart              |       |     4 |   109 |     4 ||   117
Evoke: Wand              |       |    22 |    12 |    11 ||    45
  Use: Potion            |       |     4 |     1 |     3 ||     8
       Scroll            |       |       |     9 |     4 ||    13
 Stab: Sleeping          |       |       |     2 |     1 ||     3
       Paralysed         |       |       |       |     3 ||     3
  Eat: Chunk             |     1 |     8 |    19 |     2 ||    30
       Ration            |       |       |     1 |       ||     1
Armor: Leather armour    |    28 |     1 |   172 |    37 ||   238
       Scale mail        |       |    63 |    68 |       ||   131
Dodge: Dodged            |    80 |   102 |   377 |    44 ||   603
       Rpst.: Falchion   |       |       |   105 |     2 ||   107
